 Dungeon Crawl Stone Soup version 0.30-a0-867-g305f33218d (webtiles) character file.

Game seed: 9318348883504242636

393169 rubashov the Pyromancer (level 25, 231/231 HPs)
             Began as a Meteoran Cinder Acolyte on Oct 5, 2022.
             Was the Champion of Lugonu.
             Quit the game on level 2 of the Crypt on Mar 10, 2023.
             The game lasted 04:59:18 (21748 turns).

rubashov the Pyromancer (Meteoran Cinder Acolyte)  Turns: 21748, Time: 04:59:18

Health: 231/231    AC: 31    Str: 20    XL:     25   Next: 1%
Magic:  49/49      EV: 14    Int: 36    God:    Lugonu [******]
Gold:   3070       SH:  0    Dex: 20    Spells: 5/48 levels left

rFire   + . .      SeeInvis +    B - +11 quarterstaff "Qerghitat" {spect, rC+++ Will- Dex+3 SInv}
rCold   + + .      Faith    .    (shield currently unavailable)
rNeg    + . .      Spirit   .    M - +0 storm dragon scales
rPois   .          Reflect  .    D - +2 helmet "Yssomool" {Will+ Int+3 Dex+2}
rElec   +          Rampage  ∞    J - +1 cloak of Defiance {Regen+ Int+4 Dex+3}
rCorr   .          Clarity  +    V - +1 pair of gloves {Str+3}
Will    +++++                    L - +3 pair of seven-league boots {Rampage+∞} Stlth
                                 Y - amulet of the Four Winds {rN+ Will+++ Clar}
HPRegen 1.38/turn                v - ring of Monotheism {Fire Int+3 Slay+4}
MPRegen 0.31/turn                P - ring of Jouqipe {rElec MP+9}

@: glowing, studying 2 skills
A: sense surroundings 3, otherworldly, glowing, explore regen, MP-powered wands
}: 3/15 runes: serpentine, barnacled, silver
a: Renounce Religion, Depart the Abyss, Banish, Corrupt, Enter the Abyss, Brand
Weapon With Distortion


You were on level 2 of the Crypt.
You worshipped Lugonu.
Lugonu was exalted by your worship.
You visited 9 branches of the dungeon, and saw 41 of its levels.
You visited the Abyss 2 times.
You also visited: Sewer, Bailey and Ice Cave.

You collected 6621 gold pieces.
You spent 3551 gold pieces at shops.

Inventory:

Hand Weapons
 i - the +7 arbalest of Disintegration {elec, rF++ rCorr Int+4}
   (You found it on level 3 of the Vaults)

   Int:       It affects your intelligence (+4).
   rF:        It greatly protects you from fire.
   rCorr:     It protects you from acid and corrosion.
 B - the +11 quarterstaff "Qerghitat" (weapon) {spect, rC+++ Will- Dex+3 SInv}
   (You found it on level 5 of the Dungeon)

   Dex:       It affects your dexterity (+3).
   rC:        It renders you almost immune to cold.
   SInv:      It lets you see invisible.
   Will:      It decreases your willpower.
 E - a +2 lajatang
Missiles
 s - 151 stones (quivered)
 I - 3 javelins
 O - 8 throwing nets
Armour
 z - the +2 pair of gloves of the Lonely Orbs {+Inv Str+2}
   (You found it on level 11 of the Dungeon)

   Str:       It affects your strength (+2).
   +Inv:      It lets you turn invisible.
 D - the +2 helmet "Yssomool" (worn) {Will+ Int+3 Dex+2}
   (You bought it in a shop on level 2 of the Snake Pit)

   Int:       It affects your intelligence (+3).
   Dex:       It affects your dexterity (+2).
   Will:      It increases your willpower.
 J - the +1 cloak of Defiance (worn) {Regen+ Int+4 Dex+3}
   (You bought it in a shop on level 2 of the Orcish Mines)

   Int:       It affects your intelligence (+4).
   Dex:       It affects your dexterity (+3).
   Regen:     It increases your rate of health regeneration.
 L - the +3 pair of seven-league boots (worn) {Rampage+∞}
   (You acquired it on level 2 of the Lair of Beasts)

   Rampage+∞: When moving toward enemies, its wearer moves as far as possible.
 M - +0 storm dragon scales (worn)
 V - a +1 pair of gloves of strength (worn)
Magical Staves
 r - a staff of fire
Jewellery
 b - the ring of Tonnoku {rN+ Will+ Str+3}
   (You found it on level 4 of the Shoals)

   [ring of positive energy]

   Str:       It affects your strength (+3).
   rN:        It protects you from negative energy.
   Will:      It increases your willpower.
 o - the amulet "Wanadgh" {Spirit Regen+}
   (You found it on level 1 of the Shoals)

   [amulet of guardian spirit]

   It causes incoming damage to be divided between your reserves of health and
   magic.
   Regen:     It increases your rate of health regeneration.
 q - the ring "Cywo" {rPois rC+ Str+2 Int+4 SInv}
   (You found it on level 3 of the Crypt)

   [ring of poison resistance]

   Str:       It affects your strength (+2).
   Int:       It affects your intelligence (+4).
   rC:        It protects you from cold.
   rPois:     It protects you from poison.
   SInv:      It lets you see invisible.
 v - the ring of Monotheism (left hand) {Fire Int+3 Slay+4}
   (You took it off a deep elf master archer on level 3 of the Elven Halls)

   [ring of fire]

   It enhances your fire magic.
   Int:       It affects your intelligence (+3).
   Slay:      It affects your accuracy & damage with ranged weapons and melee
   (+4).
   rF:        It protects you from fire.
   rC:        It makes you vulnerable to cold.
 P - the ring of Jouqipe (right hand) {rElec MP+9}
   (You bought it in a shop on level 2 of the Orcish Mines)

   [ring of magical power]

   rElec:     It insulates you from electricity.
   MP:        It affects your magic capacity (+9).
 S - a ring of wizardry
 X - the ring "Baakhica" {Fly rPois rC+ Str+4}
   (You bought it in a shop on level 2 of the Snake Pit)

   [ring of flight]

   Str:       It affects your strength (+4).
   rC:        It protects you from cold.
   rPois:     It protects you from poison.
   Fly:       It grants you flight.
 Y - the amulet of the Four Winds (around neck) {rN+ Will+++ Clar}
   (You bought it in a shop on level 2 of the Snake Pit)

   [amulet of nothing]

   rN:        It protects you from negative energy.
   Clar:      It protects you against confusion.
   Will:      It greatly increases your willpower.
Wands
 a - a wand of iceblast (27)
 h - a wand of digging (8)
 H - a wand of mindburst (25)
 U - a wand of flame (3)
 W - a wand of light (22)
 Z - a wand of paralysis (9)
Scrolls
 c - 9 scrolls of teleportation
 f - 3 scrolls of enchant weapon
 j - 6 scrolls of magic mapping
 m - 4 scrolls of butterflies
 p - 5 scrolls of amnesia
 y - 6 scrolls of blinking
 A - a scroll of summoning
 F - 2 scrolls of brand weapon
 G - 9 scrolls of enchant armour
 K - 4 scrolls of fear
 R - 14 scrolls of identify
 T - 2 scrolls of silence
Potions
 d - 4 potions of lignification
 e - 9 potions of heal wounds
 g - 2 potions of resistance
 k - a potion of ambrosia
 l - 4 potions of brilliance
 n - 6 potions of attraction
 t - 5 potions of might
 u - 4 potions of magic
 w - 8 potions of mutation
 x - 12 potions of curing
 C - 6 potions of cancellation
 N - a potion of flight
 Q - 2 potions of haste


   Skills:
 - Level 20.0 Fighting
 - Level 8.2 Long Blades
 - Level 4.0 Axes
 - Level 14.0 Staves
 - Level 16.0 Armour
 - Level 10.6 Dodging
 - Level 12.1 Spellcasting
 - Level 12.1 Hexes
 * Level 12.2 Summonings
 - Level 17.0 Translocations
 - Level 21.0 Fire Magic
 - Level 6.0 Ice Magic
 - Level 6.0 Air Magic
 - Level 10.0 Invocations
 - Level 6.0 Evocations


You had 5 spell levels left.
You knew the following spells:

 Your Spells              Type           Power      Damage    Failure   Level
a - Scorch                Fire           100%       2d10      0%          2
b - Blink                 Tloc           100%       N/A       0%          2
c - Manifold Assault      Tloc           97%        N/A       1%          4
d - Summon Mana Viper     Hex/Summ       83%        N/A       1%          5
e - Silence               Hex/Air        36%        N/A       6%          5
f - Metabolic Englaciati  Hex/Ice        36%        N/A       6%          5
g - Malign Gateway        Summ/Tloc      45%        N/A       19%         7
h - Summon Forest         Summ/Tloc      45%        N/A       1%          5
i - Ignition              Fire           65%        3d17      11%         8

Your spell library contained the following spells:

 Spells                   Type           Power      Damage    Failure   Level
 Lesser Beckoning         Tloc           100%       N/A       0%          2
 Slow                     Hex            100%       N/A       1%          1
 Summon Small Mammal      Summ           100%       N/A       1%          1
 Call Imp                 Summ           84%        N/A       1%          2
 Ensorcelled Hibernation  Hex/Ice        100%       N/A       1%          2
 Call Canine Familiar     Summ           84%        N/A       1%          3
 Ignite Poison            Fire/Tmut/Pois 83%        N/A       1%          3
 Inner Flame              Hex/Fire       100%       N/A       1%          3
 Kindle Blastsparks       Fire/Tloc/Air  100%       2d18      1%          3
 Portal Projectile        Hex/Tloc       100%       N/A       1%          3
 Summon Guardian Golem    Hex/Summ       83%        N/A       1%          3
 Tukima's Dance           Hex            83%        N/A       1%          3
 Vhi's Electric Charge    Tloc/Air       100%       N/A       1%          3
 Cause Fear               Hex            41%        N/A       1%          4
 Flame Wave               Conj/Fire      98%        2d20      1%          4
 Passage of Golubria      Tloc           97%        N/A       1%          4
 Sticky Flame             Conj/Fire      98%        2d11      1%          4
 Shock                    Conj/Air       100%       1d9       2%          1
 Dazzling Flash           Conj/Hex       100%       N/A       2%          3
 Frozen Ramparts          Ice            100%       1d16      2%          3
 Iskenderun's Mystic Bla  Conj/Tloc      70%        2d14      2%          4
 Summon Lightning Spire   Summ/Air       73%        N/A       2%          4
 Fireball                 Conj/Fire      49%        3d19      3%          5
 Poisonous Vapours        Pois/Air       86%        N/A       4%          2
 Airstrike                Air            30%        2d(5-21)  8%          4
 Anguish                  Hex/Necr       30%        N/A       8%          4
 Animate Armour           Summ/Erth      100%       N/A       8%          4
 Fulminant Prism          Conj/Hex       30%        3d15      8%          4
 Leda's Liquefaction      Hex/Erth       30%        N/A       8%          4
 Beastly Appendage        Tmut           42%        N/A       10%         1
 Kiss of Death            Conj/Necr      84%        2d11      10%         1
 Magic Dart               Conj           84%        1d7       10%         1
 Sting                    Tmut/Pois      84%        1d7       10%         1
 Mephitic Cloud           Conj/Pois/Air  36%        N/A       12%         3
 Wereblood                Tmut           21%        N/A       14%         2
 Ice Form                 Ice/Tmut       43%        N/A       26%         4
 Spider Form              Tmut/Pois      21%        N/A       28%         3
 Stone Arrow              Conj/Erth      42%        3d9       28%         3
 Lightning Bolt           Conj/Air       21%        1d36      58%         5
 Animate Dead             Necr           21%        N/A       67%         4
 Olgreb's Toxic Radiance  Pois           21%        N/A       67%         4
 Petrify                  Tmut/Erth      21%        N/A       67%         4
 Agony                    Necr           21%        N/A       95%         5
 Alistair's Intoxication  Tmut/Pois      14%        N/A       95%         5
 Blade Hands              Tmut           10%        N/A       95%         5
 Borgnjor's Vile Clutch   Necr/Erth      10%        N/A       95%         5
 Iskenderun's Battlesphe  Conj           21%        2d7       95%         5
 Lee's Rapid Deconstruct  Erth           10%        3d8*      95%         5
 Dispersal                Tloc           48%        N/A       1%          6
 Summon Cactus Giant      Summ           42%        N/A       10%         6
 Summon Hydra             Summ           42%        N/A       45%         7
 Disjunction              Tloc           48%        N/A       50%         8
 Conjure Ball Lightning   Conj/Air       21%        3x3d6     99%         6
 Discord                  Hex            41%        N/A       99%         8
 Death Channel            Necr           10%        N/A       100%        6
 Eringya's Noxious Bog    Tmut/Pois      10%        N/A       100%        6
 Iron Shot                Conj/Erth      10%        9d3       100%        6
 Statue Form              Tmut/Erth      14%        N/A       100%        6
 Orb of Destruction       Conj           10%        9d6       100%        7
 Storm Form               Tmut/Air       21%        N/A       100%        7
 Lehudib's Crystal Spear  Conj/Erth      10%        10d4      100%        8
 Chain Lightning          Conj/Air       21%        3d28      100%        9
 Fire Storm               Conj/Fire      49%        8d12      100%        9
 Shatter                  Erth           10%        3d12*     100%        9


Dungeon Overview and Level Annotations

Branches:
Dungeon (14/15) Zot: 1645  Temple (1/1) D:6 Zot: 566    Lair (5/5) D:10 Zot: 728
 Shoals (4/4) Lair:2 Zot: 996   Snake (4/4) Lair:3 Zot: 64   Slime (0/5) Lair:5
    Orc (2/2) D:11 Zot: 314     Elf (3/3) Orc:2 Zot: 106  Vaults (5/5) D:13 Zot: 117
  Crypt (3/3) Vaults:2 Zot: 874    Tomb (0/3) Crypt:3       Sewer (visited)
 Bailey (visited)           IceCv (visited)

Altars:
Ashenzari
Cheibriados
Dithmenos
Elyvilon
Fedhas
Gozag
Hepliaklqana
Kikubaaqudgha
Makhleb
Nemelex Xobeh
Okawaru
Qazlal
Ru
Sif Muna
Trog
Uskayaw
Vehumet
Wu Jian
Xom
Yredelemnul
Zin
The Shining One

Shops:
D:11 (   Orc:2 !:([=[:=   Elf:2 [(!   Snake:2 ?[=?::[   Snake:4 [   Vaults:3 :

Annotations:
D:3 2 transporters, lunkers's ghost, amateur MeRe
D:7 3 runed translucent doors, ThrustWizard's ghost, novice DsRe
D:10 1 transporter
Lair:2 exclusion: 2 oklob plants
Elf:2 3 runed translucent doors
Vaults:2 Mennas


Innate Abilities, Weirdness & Mutations

You passively map a large area around you.
You are easily found by Zot.
You glow in the dark.
You regain HP and MP as you explore.
You expend magic power (3 MP) to strengthen your wands.


Message History

The skeletal warrior is heavily damaged.
Your +11 quarterstaff "Qerghitat" {spect, rC+++ Will- Dex+3 SInv} hits the skeletal warrior!
The skeletal warrior hits you with a +0 mace!
The skeletal warrior hits you with a +0 battleaxe!
You bludgeon the skeletal warrior!!
You destroy the skeletal warrior!
Lugonu accepts your kill.
The skeletal warrior hits you with a +0 battleaxe!
Training target 17.0 for Translocations reached!
Your Translocations skill increases to level 17!
You thump the skeletal warrior!
The skeletal warrior is lightly damaged.
Your +11 quarterstaff "Qerghitat" {spect, rC+++ Will- Dex+3 SInv} closely misses the skeletal warrior.
You hit the skeletal warrior but do no damage.
The skeletal warrior is lightly damaged.
Your +11 quarterstaff "Qerghitat" {spect, rC+++ Will- Dex+3 SInv} hits the skeletal warrior!!
The skeletal warrior barely misses your +11 quarterstaff "Qerghitat" {spect, rC+++ Will- Dex+3 SInv}.
The skeletal warrior hits you but does no damage.
You catch the helpless skeletal warrior completely off-guard!
You bludgeon the skeletal warrior!!
The skeletal warrior is almost destroyed.
Your +11 quarterstaff "Qerghitat" {spect, rC+++ Will- Dex+3 SInv} closely misses the skeletal warrior.
You bludgeon the skeletal warrior!!
You destroy the skeletal warrior!
Lugonu accepts your kill.
Your life force feels restored.
No target in view!
U - a wand of flame (3)
You now have 3053 gold pieces (gained 12).
You now have 3070 gold pieces (gained 17).
An adder skeleton comes into view.
You shatter the adder skeleton into splinters!!!
You destroy the adder skeleton!
Lugonu accepts your kill.
Unknown command.
Save game and exit?
Welcome back, rubashov the Meteoran Cinder Acolyte.
Lugonu says: Spread carnage and corruption!
Press ? for a list of commands and other information.
Are you sure you want to abandon this character and quit the game? (Confirm with "yes".)

*#### ####...#
################......#
......................#
............####@..####
############# #####


There were no monsters in sight!

Vanquished Creatures
  2 dread liches
  A royal mummy (Crypt:3)
  Saint Roka (Vaults:2)
  Nikola (Elf:1)
  A golden dragon (Vaults:5)
  Zenata (Elf:1)
  3 tentacled monstrosities (Vaults:5)
  A lich (Crypt:3)
  A deep elf master archer (Elf:3)
  2 deep elf blademasters (Elf:3)
  2 titans (Vaults:5)
  2 sphinxes
  An ancient champion (Crypt:2)
  Kirke (Lair:3)
  A storm dragon (Vaults:5)
  4 tengu reavers (Vaults:5)
  Donald (Shoals:4)
  5 shadow dragons (Vaults:5)
  2 revenants
  A nagaraja (Snake:4)
  A fire giant (Vaults:5)
  2 frost giants
  A deep elf sorcerer (Elf:3)
  18 vault wardens
  Louise (Elf:1)
  5 deep elf elementalists (Elf:3)
  A ghoul (Crypt:2)
  2 orc warlords
  4 stone giants
  3 reapers (Crypt:3)
  13 ironbound preservers
  2 war gargoyles (Vaults:5)
  2 very ugly things (Vaults:5)
  3 ironbound thunderhulks
  6 deep elf demonologists
  8 dire elephants
  9 deep elf annihilators
  9 merfolk impalers
  8 deep elf death magi
  6 eidola
  4 ettins (Vaults:5)
  A jiangshi (Vaults:2)
  2 crystal guardians (D:12)
  2 merfolk javelineers (Shoals:4)
  6 great orbs of eyes
  A spriggan zombie (Crypt:3)
  4 deep elf high priests
  An entropy weaver (shapeshifter) (Vaults:5)
  10 yaktaur captains
  3 entropy weavers
  Harold (D:11)
  34 vault guards
  3 salamander tyrants (Snake:4)
  4 hydras
  A spriggan skeleton (Crypt:3)
  7 ogre magi
  3 merfolk aquamancers
  3 merfolk avatars
  A death knight (D:14)
  3 ironbound frosthearts
  9 anacondas
  10 centaur warriors
  8 boulder beetles
  19 dancing weapons
  A catoblepas (Shoals:3)
  3 satyrs (Shoals:4)
  10 naga warriors
  A fenstrider witch skeleton (Crypt:3)
  21 two-headed ogres
  A tengu warrior (Shoals:2)
  5 death yaks (IceCv)
  A shock serpent (shapeshifter) (Vaults:5)
  2 vampire magi (Crypt:2)
  16 naga sharpshooters
  A storm dragon zombie (Crypt:3)
  A titan zombie (Crypt:3)
  5 shock serpents
  5 deep elf knights
  A shadow wraith (Vaults:5)
  8 skeletal warriors
  6 salamander mystics
  18 sea snakes
  2 soul eaters (Crypt:3)
  An orange crystal statue (D:12)
  2 bunyip zombies (Crypt:3)
  4 deep elf archers
  21 deep trolls
  A steelbarb worm (shapeshifter) (Vaults:5)
  A spriggan druid (Elf:3)
  3 naga ritualists
  10 harpies
  11 ironbound convokers
  4 orc knights (Vaults:3)
  A bunyip skeleton (Crypt:3)
  A lindwurm (Lair:2)
  11 phantasmal warriors
  9 wizards
  An iron dragon zombie (Crypt:3)
  12 necromancers
  6 mana vipers
  18 deep elf pyromancers
  18 deep elf zephyrmancers
  Pikel (D:6)
  3 cyclopes
  22 ugly things
  A faun (shapeshifter) (Vaults:5)
  The ghost of KennySheep the Trooper, a novice OgGl of Gozag (D:6)
  17 elephants
  17 manticores
  2 orc sorcerers
  16 salamanders
  12 fauns
  9 guardian serpents
  A centaur zombie (Crypt:3)
  3 merfolk sirens
  10 vault sentinels
  Joseph (D:7)
  34 black mambas
  An ice statue (IceCv)
  An alligator snapping turtle zombie (Crypt:3)
  A dire elephant zombie (Crypt:3)
  17 naga magi
  4 water nymphs
  A torpor snail (Lair:5)
  A naga skeleton (Crypt:3)
  2 rime drakes
  A gargoyle (D:11)
  12 cane toads
  A centaur skeleton (Crypt:3)
  2 unseen horrors
  Maggie (D:7)
  8 komodo dragons
  2 tengu conjurers
  2 kobold demonologists (D:13)
  24 yaktaurs
  7 freezing wraiths
  10 hellwings (Crypt:3)
  2 guardian mummies (Crypt:3)
  29 merfolk
  3 harpy zombies (Crypt:3)
  17 trolls
  2 harpy skeletons (Crypt:3)
  2 wind drakes
  16 polar bears
  Grinder (D:6)
  28 slime creatures
  3 hornets
  A tarantella (Vaults:3)
  Prince Ribbit (D:6)
  9 snapping turtles
  A dream sheep (shapeshifter) (Vaults:5)
  A slime creature (shapeshifter) (Vaults:5)
  8 dream sheep
  13 blink frogs
  A jumping spider (Vaults:3)
  A spriggan (shapeshifter) (Elf:3)
  An ettin skeleton (Crypt:3)
  4 air elementals
  2 shadows
  A culicivora (Vaults:3)
  A vampire (D:12)
  10 water elementals
  6 wraiths
  5 hogs (Lair:3)
  2 fire bats (Lair:2)
  3 wyverns
  52 yaks
  21 fire elementals
  4 basilisks
  4 vampire mosquitoes
  4 steam dragons
  41 nagas
  2 redbacks (Vaults:3)
  A faun zombie (Crypt:2)
  3 wargs
  2 naga zombies (Crypt:3)
  Duvessa (D:4)
  12 water moccasins
  2 acid dragons
  27 orc warriors
  A sky beast (D:7)
  A black bear (D:4)
  38 wolves
  29 ogres
  4 boggarts (Vaults:1)
  9 centaurs
  A snapping turtle skeleton (Crypt:2)
  A phantom (D:6)
  A swamp dragon skeleton (Crypt:3)
  3 kobold brigands
  15 bullfrogs
  A necrophage (Crypt:2)
  4 gnoll sergeants
  A scorpion (D:6)
  An earth elemental (Elf:3)
  A wyvern zombie (Crypt:1)
  10 wyvern skeletons (Crypt:3)
  2 wights
  Dowan (D:4)
  9 killer bees
  An electric eel (Lair:2)
  15 howler monkeys
  2 lava snakes (Lair:2)
  2 jellies (D:7)
  13 hounds
  A human zombie (Crypt:2)
  8 gnoll boudas
  18 orc priests
  25 orc wizards
  4 hell rats (Lair:3)
  4 iguanas
  A mummy (Crypt:3)
  31 gnolls
  A river rat (D:5)
  7 adders
  A white imp (D:6)
  An adder skeleton (Crypt:2)
  A worm (D:3)
  A dart slug (D:3)
  79 orcs
  9 ball pythons
  4 endoplasms
  10 giant cockroaches
  17 goblins
  15 hobgoblins
  10 jackals
  8 quokkas
  6 bats
  13 frilled lizards
  7 kobolds
  9 rats
  A plant (Shoals:2)
1577 creatures vanquished.

Vanquished Creatures (collateral kills)
  A cane toad (Lair:1)
  A wolf (Lair:1)
2 creatures vanquished.

Vanquished Creatures (others)
  A naga sharpshooter (Snake:3)
  A faun (Shoals:1)
  A blink frog (Lair:5)
  A water moccasin (Lair:5)
  A bush (Lair:1)
  8 foxfires (D:4)
  16 fungi
  107 plants
  9 withered plants
145 creatures vanquished.

Grand Total: 1724 creatures vanquished

Notes
Turn   | Place    | Note
-------+----------+-------------------------------------------
     0 | D:1      | rubashov the Meteoran Cinder Acolyte began the quest for
                  | the Orb.
     0 | D:1      | Reached XP level 1. HP: 19/19 MP: 3/3
   128 | D:1      | Found a faded altar of an unknown god.
   165 | D:1      | Reached XP level 2. HP: 26/26 MP: 5/5
   174 | D:1      | Learned a level 2 spell: Scorch
   409 | D:2      | Found the +7 Throatcutter {drain, coup de grace}
   417 | D:2      | Reached skill level 4 in Fire Magic
   417 | D:2      | Reached XP level 3. HP: 27/31 MP: 1/6
   580 | D:2      | Reached skill level 1 in Long Blades
   596 | D:2      | Reached XP level 4. HP: 40/40 MP: 5/8
   814 | D:3      | Found a shimmering altar of Xom.
   945 | D:3      | Found a blossoming altar of Fedhas.
  1048 | D:3      | Found a transporter.
  1053 | D:3      | Noticed an ice beast
  1054 | D:3      | Noticed lunkers's ghost (amateur MeRe)
  1057 | D:3      | Found a transporter.
  1332 | D:4      | Noticed a black bear
  1335 | D:4      | Killed a black bear
  1336 | D:4      | Reached XP level 5. HP: 34/46 MP: 7/9
  1336 | D:4      | Reached XP level 6. HP: 38/52 MP: 7/10
  1339 | D:4      | Reached skill level 5 in Long Blades
  1386 | D:4      | Noticed Duvessa
  1388 | D:4      | Reached skill level 1 in Dodging
  1388 | D:4      | Reached XP level 7. HP: 40/59 MP: 2/11
  1405 | D:4      | Killed Duvessa
  1409 | D:4      | Noticed Dowan
  1417 | D:4      | Killed Dowan
  1418 | D:4      | Reached skill level 5 in Fighting
  1696 | D:5      | Entered Level 5 of the Dungeon
  1855 | D:5      | Noticed a water moccasin
  1859 | D:5      | Killed a water moccasin
  1860 | D:5      | Reached XP level 8. HP: 62/68 MP: 8/12
  1905 | D:5      | Found a glowing drain.
  1909 | Sewer    | Entered a sewer
  2329 | D:5      | Identified the +11 quarterstaff "Qerghitat" {spect, rC+++
                  | Will- Dex+3 SInv}
  2425 | D:5      | Reached skill level 1 in Staves
  2494 | D:6      | Found a staircase to the Ecumenical Temple.
  2503 | Temple   | Entered the Ecumenical Temple
  2503 | Temple   | Found a transporter.
  2503 | Temple   | Found a transporter.
  2505 | Temple   | Found a transporter.
  2505 | Temple   | Found a transporter.
  2573 | D:6      | Noticed Grinder
  2585 | D:6      | Killed Grinder
  2586 | D:6      | Gained mutation: You passively map the area around you.
                  | [Meteoran growth]
  2586 | D:6      | Reached XP level 9. HP: 75/75 MP: 8/13
  2611 | D:6      | Found a runed translucent door.
  2612 | D:6      | Noticed KennySheep's ghost (novice OgGl)
  2632 | D:6      | Killed KennySheep's ghost
  2733 | D:6      | Noticed Pikel
  2736 | D:6      | Noticed Prince Ribbit
  2743 | D:6      | Killed Prince Ribbit
  2749 | D:6      | Killed Pikel
  2750 | D:6      | Reached XP level 10. HP: 78/83 MP: 14/14
  2825 | D:6      | Reached skill level 10 in Staves
  2955 | D:6      | Reached skill level 5 in Dodging
  3118 | D:6      | Noticed a two-headed ogre
  3128 | D:6      | Killed a two-headed ogre
  3129 | D:6      | Reached XP level 11. HP: 71/95 MP: 10/15
  3307 | D:6      | Found a broken altar of Ashenzari.
  3334 | D:6      | Found a shimmering blue altar of Sif Muna.
  3425 | D:7      | Found a sacrificial altar of Ru.
  3583 | D:7      | Identified a scroll of acquirement
  3583 | D:7      | Acquired 974 gold pieces
  3591 | D:7      | Found a runed translucent gate.
  3591 | D:7      | Found a runed translucent gate.
  3592 | D:7      | Found a runed translucent gate.
  3594 | D:7      | Noticed ThrustWizard's ghost (novice DsRe)
  3596 | D:7      | Noticed a death knight
  3660 | D:7      | Noticed Joseph
  3673 | D:7      | Killed Joseph
  3828 | D:7      | Noticed Maggie
  3834 | D:7      | Killed Maggie
  3937 | D:8      | Found a flagged portal.
  3960 | Bailey   | Entered a bailey
  4003 | Bailey   | Reached skill level 10 in Fighting
  4039 | Bailey   | Reached skill level 1 in Armour
  4154 | Bailey   | Noticed an orc warlord
  4169 | Bailey   | Killed an orc warlord
  4204 | Bailey   | Reached XP level 12. HP: 93/112 MP: 16/16
  4381 | D:8      | Found an ancient bone altar of Kikubaaqudgha.
  4532 | D:8      | Found an iron altar of Okawaru.
  4634 | D:9      | Noticed a two-headed ogre
  4640 | D:9      | Killed a two-headed ogre
  4641 | D:9      | Reached XP level 13. HP: 108/118 MP: 11/17
  4747 | D:9      | Reached skill level 10 in Dodging
  4934 | D:9      | Found a white marble altar of Elyvilon.
  4997 | D:9      | Found a shadowy altar of Dithmenos.
  5028 | D:10     | Entered Level 10 of the Dungeon
  5043 | D:10     | Noticed a two-headed ogre
  5049 | D:10     | Reached skill level 5 in Armour
  5050 | D:10     | Killed a two-headed ogre
  5072 | D:10     | Found a transporter.
  5073 | D:10     | Found a transporter.
  5077 | D:10     | Found a transporter.
  5079 | D:10     | Found a transporter.
  5131 | D:10     | Noticed a two-headed ogre
  5142 | D:10     | Killed a two-headed ogre
  5199 | D:10     | Found a staircase to the Lair.
  5203 | Lair:1   | Entered Level 1 of the Lair of Beasts
  5203 | Lair:1   | Noticed a dire elephant
  5222 | Lair:1   | Killed a dire elephant
  5272 | Lair:1   | Reached skill level 10 in Armour
  5486 | Lair:1   | You fall into a shaft and drop 1 floor!
  5507 | Lair:2   | Found a frozen archway.
  5513 | Lair:2   | Acquired the +3 pair of seven-league boots {Rampage+∞}
  5513 | Lair:2   | Found the +3 pair of seven-league boots {Rampage+∞}
  5520 | Lair:2   | Noticed a four-headed hydra
  5527 | Lair:2   | Killed a four-headed hydra
  5534 | Lair:2   | Learned a level 2 spell: Blink
  5539 | Lair:2   | Learned a level 4 spell: Manifold Assault
  5543 | IceCv    | Entered an ice cave
  5555 | IceCv    | Reached skill level 1 in Translocations
  5568 | IceCv    | Noticed a death yak
  5572 | IceCv    | Killed a death yak
  5573 | IceCv    | Noticed a death yak
  5577 | IceCv    | Killed a death yak
  5588 | IceCv    | Found the +4 skin of Zhor {*Englaciate rC+++ SInv}
  5632 | IceCv    | Reached XP level 14. HP: 129/129 MP: 19/21
  5748 | IceCv    | Reached skill level 5 in Spellcasting
  5772 | IceCv    | Noticed a frost giant
  5791 | IceCv    | Reached skill level 5 in Translocations
  5808 | IceCv    | Killed a frost giant
  6231 | Lair:2   | Found a staircase to the Shoals.
  6402 | Lair:2   | Reached skill level 10 in Translocations
  6509 | Lair:2   | Identified the +1 rapier of the Shining Light {freeze, rN+
                  | Will++ Str-4}
  6814 | Lair:3   | Found a staircase to the Snake Pit.
  6911 | Lair:3   | Noticed Kirke
  6928 | Lair:3   | Reached XP level 15. HP: 135/135 MP: 25/25
  6958 | Lair:3   | Killed Kirke
  7188 | Lair:4   | Reached skill level 5 in Evocations
  7529 | Lair:5   | Entered Level 5 of the Lair of Beasts
  7925 | Lair:5   | Found a staircase to the Slime Pits.
  8053 | Snake:1  | Entered Level 1 of the Snake Pit
  8125 | Snake:1  | Reached XP level 16. HP: 146/147 MP: 7/29
  8138 | Snake:1  | Reached skill level 15 in Fighting
  8630 | Snake:2  | Found Teleolom's Magic Scroll Boutique.
  8740 | Snake:2  | Bought a scroll of teleportation for 48 gold pieces
  8740 | Snake:2  | Bought a scroll of blinking for 120 gold pieces
  8740 | Snake:2  | Bought a scroll of enchant armour for 120 gold pieces
  8817 | Snake:2  | Found Tettiloube's Antique Armour Boutique.
  8835 | Snake:2  | Bought a glimmering helmet for 313 gold pieces
  8835 | Snake:2  | Identified the +2 helmet "Yssomool" {Will+ Int+3 Dex+2}
                  | (You bought it in a shop on level 2 of the Snake Pit)
  9027 | Snake:2  | Found Lecsah's Armour Emporium.
  9053 | Snake:2  | Found Zoasoc's Magic Scroll Shoppe.
  9053 | Snake:2  | Found Likuruff's Jewellery Shoppe.
  9054 | Snake:2  | Found Qutracat's Book Shoppe.
  9055 | Snake:2  | Found Anotoh's Book Shoppe.
  9072 | Snake:2  | Bought the ring "Baakhica" {Fly rPois rC+ Str+4} for 749
                  | gold pieces
  9072 | Snake:2  | Bought the amulet of the Four Winds {rN+ Will+++ Clar} for
                  | 1031 gold pieces
  9072 | Snake:2  | Found the amulet of the Four Winds {rN+ Will+++ Clar}
  9232 | Snake:3  | Reached skill level 10 in Spellcasting
  9365 | Snake:3  | Reached XP level 17. HP: 159/159 MP: 32/32
  9459 | Snake:3  | HP: 2/160 [naga sharpshooter/bolt (15)]
  9493 | Snake:3  | Noticed a nagaraja
  9804 | Snake:4  | Entered Level 4 of the Snake Pit
  9925 | Snake:4  | Found Judov's Armour Emporium.
 10247 | Snake:4  | Reached skill level 15 in Armour
 10419 | Snake:4  | Noticed a nagaraja
 10425 | Snake:4  | Killed a nagaraja
 10426 | Snake:4  | Gained mutation: You passively map a large area around you.
                  | [Meteoran growth]
 10426 | Snake:4  | Reached XP level 18. HP: 84/172 MP: 33/35
 10446 | Snake:4  | Got a serpentine rune of Zot
 10569 | Snake:2  | Glimpsed the power of Zot.
 10630 | Shoals:1 | Entered Level 1 of the Shoals
 10941 | Shoals:2 | Learned a level 5 spell: Summon Mana Viper
 10947 | Shoals:2 | Learned a level 5 spell: Silence
 10953 | Shoals:2 | Learned a level 5 spell: Metabolic Englaciation
 10988 | Shoals:2 | Reached skill level 1 in Hexes
 11163 | Shoals:3 | Reached skill level 5 in Hexes
 11488 | Shoals:4 | Entered Level 4 of the Shoals
 11550 | Shoals:4 | Reached skill level 10 in Hexes
 11588 | Shoals:4 | Identified the +1 plate armour of the Lotus Blossom {rC+}
 11650 | Shoals:4 | Noticed Donald
 11660 | Shoals:4 | Killed Donald
 11698 | Shoals:4 | Reached XP level 19. HP: 173/182 MP: 8/36
 11745 | Abyss:2  | Cast into level 2 of the Abyss (merfolk javelineer)
 11760 | Abyss:3  | Found a corrupted altar of Lugonu.
 11766 | Abyss:3  | Fell from the grace of Ignis
 11766 | Abyss:3  | Became a worshipper of Lugonu the Unformed
 11766 | Abyss:3  | Reached * piety under Lugonu
 11767 | Shoals:4 | Escaped the Abyss
 11810 | Shoals:4 | Got a barnacled rune of Zot
 11847 | Shoals:4 | Reached skill level 1 in Invocations
 11854 | Shoals:4 | Reached skill level 1 in Summonings
 11855 | Shoals:4 | Identified the ring of Tonnoku {rN+ Will+ Str+3}
 11868 | Shoals:4 | Reached skill level 1 in Air Magic
 11879 | Shoals:4 | Reached skill level 1 in Ice Magic
 12167 | Shoals:1 | Identified the amulet "Wanadgh" {Spirit Regen+}
 12606 | D:11     | Reached ** piety under Lugonu
 12657 | D:11     | Identified the +2 pair of gloves of the Lonely Orbs {+Inv
                  | Str+2}
 12704 | D:11     | Found a hide-covered altar of Uskayaw.
 12720 | D:11     | Noticed Harold
 12734 | D:11     | Killed Harold
 12740 | D:11     | Found a staircase to the Orcish Mines.
 12742 | D:11     | Found Xuintu's Weapon Shoppe.
 12778 | D:11     | Identified the +7 war axe of Vanity {drain, MP+9}
 12820 | Orc:1    | Entered Level 1 of the Orcish Mines
 12919 | Orc:2    | Entered Level 2 of the Orcish Mines
 12931 | Orc:2    | Found Qemacap's Jewellery Shop.
 13228 | Orc:2    | Found Ciggadim's Weapon Emporium.
 13235 | Orc:2    | Found Keufit's Distillery.
 13258 | Orc:2    | Reached *** piety under Lugonu
 13283 | Orc:2    | Bought a potion of heal wounds for 60 gold pieces
 13283 | Orc:2    | Bought 2 potions of heal wounds for 120 gold pieces
 13325 | Orc:2    | Found Xetola's Antique Armour Shop.
 13330 | Orc:2    | Found Zuaroz's Book Shoppe.
 13333 | Orc:2    | Bought an encrusted cloak for 218 gold pieces
 13333 | Orc:2    | Identified the +1 cloak of Defiance {Regen+ Int+4 Dex+3}
                  | (You bought it in a shop on level 2 of the Orcish Mines)
 13345 | Orc:2    | Found Ythunle's Book Boutique.
 13346 | Orc:2    | Found Festiod's Armour Shop.
 13348 | Orc:2    | Found a staircase to the Elven Halls.
 13353 | Orc:2    | Found a bloodstained altar of Trog.
 13353 | Orc:2    | Found Ryec's Jewellery Boutique.
 13379 | Orc:2    | Reached skill level 5 in Invocations
 13506 | Orc:2    | Bought the ring of Jouqipe {rElec MP+9} for 612 gold pieces
 13629 | Orc:2    | Upgraded the game from 0.30-a0-218-gedb9141078 to
                  | 0.30-a0-219-gf2db51d15e
 13708 | Elf:1    | Entered Level 1 of the Elven Halls
 13708 | Elf:1    | Noticed Louise
 13724 | Elf:1    | Killed Louise
 13835 | Elf:1    | Reached skill level 5 in Air Magic
 13855 | Elf:2    | Paralysed by an air elemental for 1 turns
 13868 | Elf:1    | Reached skill level 5 in Summonings
 13911 | Elf:1    | Reached **** piety under Lugonu
 13960 | Elf:1    | Reached skill level 5 in Ice Magic
 13989 | Elf:1    | You are sucked into a shaft and drop 1 floor!
 13990 | Elf:2    | Found Duonumui's Weapon Shoppe.
 14004 | Elf:2    | Reached XP level 20. HP: 172/191 MP: 37/37
 14037 | Elf:2    | Paralysed by an air elemental for 1 turns
 14044 | Elf:2    | Found Lawnetac's Distillery.
 14053 | Elf:2    | Bought a potion of haste for 160 gold pieces
 14055 | Elf:2    | Found Idah's Armour Shop.
 14154 | Elf:3    | Entered Level 3 of the Elven Halls
 14424 | Elf:3    | Reached ***** piety under Lugonu
 14461 | Elf:3    | Reached skill level 10 in Invocations
 14667 | Elf:3    | Paralysed by an air elemental for 1 turns
 14753 | Elf:3    | Identified the +2 robe of Feral Amelioration {rN+ Str+4
                  | Slay-3}
 14753 | Elf:3    | Identified the ring of Monotheism {Fire Int+3 Slay+4}
 14772 | Elf:3    | Identified the ring "Caosusad" {Fire Will+ SInv}
 14797 | Elf:3    | Got Sif Muna's Essays on Superposition
 14806 | Elf:3    | Learned a level 7 spell: Malign Gateway
 14806 | Elf:3    | Identified the +8 rapier "Goblinslayer" {vorpal, rElec
                  | rCorr Int+4 Dex-3}
 14817 | Elf:3    | Identified the +7 scimitar of Yschorif {vorpal, Str+3 Int+2
                  | Dex+4}
 14829 | Elf:3    | Got the Quarto of Execration
 14873 | Elf:3    | Identified the ring "Etolazuu" {rPois Str+3 Dex+4}
 14930 | Elf:3    | Learned a level 5 spell: Summon Forest
 15138 | Elf:2    | Found a runed translucent gate.
 15139 | Elf:2    | Found a runed translucent gate.
 15139 | Elf:2    | Found a runed translucent gate.
 15257 | Elf:1    | Noticed Zenata
 15273 | Elf:1    | Killed Zenata
 15299 | Elf:1    | Learned a level 8 spell: Ignition
 15411 | Elf:1    | Paralysed by an air elemental for 1 turns
 15468 | Elf:1    | Noticed Nikola
 15478 | Elf:1    | Killed Nikola
 15479 | Elf:1    | Reached skill level 5 in Fire Magic
 15555 | Elf:1    | Got the Cyclopedia of Blasts
 15736 | D:11     | Reached skill level 6 in Fire Magic
 15736 | D:11     | Reached XP level 21. HP: 201/201 MP: 38/38
 16055 | D:12     | Found a runed translucent door.
 16073 | D:12     | Reached skill level 7 in Fire Magic
 16100 | D:12     | Identified the +4 great sword "Caalaisoa" {chaos, rF++
                  | Will+ Dex-4 Stlth+}
 16448 | D:12     | Reached skill level 8 in Fire Magic
 16561 | D:13     | Reached ****** piety under Lugonu
 16597 | D:13     | Found a gate to the Vaults.
 16609 | D:13     | Reached skill level 9 in Fire Magic
 16751 | D:13     | You are sucked into a shaft and drop 1 floor!
 16751 | D:14     | Was forgiven by Ignis
 16912 | D:14     | Found a shimmering altar of Xom.
 16920 | D:14     | Found a shimmering altar of Xom.
 16921 | D:14     | Found a shimmering altar of Xom.
 16921 | D:14     | Found a shimmering altar of Xom.
 16922 | D:14     | Found a shimmering altar of Xom.
 16923 | D:14     | Found a shimmering altar of Xom.
 16934 | D:14     | Reached skill level 10 in Fire Magic
 17315 | Vaults:1 | Entered Level 1 of the Vaults
 17334 | Vaults:1 | Reached skill level 11 in Fire Magic
 17435 | Vaults:1 | Found Pethufeo's Antique Armour Shop.
 17458 | Vaults:1 | Reached skill level 12 in Fire Magic
 17647 | Vaults:1 | Reached skill level 13 in Fire Magic
 17884 | Vaults:2 | Found a staircase to the Crypt.
 17896 | Vaults:2 | Reached skill level 14 in Fire Magic
 17935 | Vaults:2 | Noticed Saint Roka
 17951 | Vaults:2 | Killed Saint Roka
 17952 | Vaults:2 | Reached XP level 22. HP: 134/209 MP: 29/39
 18116 | Vaults:3 | Reached skill level 15 in Fire Magic
 18259 | Vaults:3 | Found Feelavy's Book Shoppe.
 18375 | Vaults:3 | Identified the +7 arbalest of Disintegration {elec, rF++
                  | rCorr Int+4}
 18416 | Vaults:3 | Reached skill level 16 in Fire Magic
 18690 | Vaults:3 | Reached skill level 17 in Fire Magic
 18724 | Vaults:3 | Escaped the Abyss
 18948 | Vaults:2 | Noticed Mennas
 19100 | Vaults:4 | Reached skill level 18 in Fire Magic
 19293 | Vaults:5 | Entered Level 5 of the Vaults
 19305 | Vaults:4 | Gained mutation: You expend magic power (3 MP) to
                  | strengthen your wands. [mutagenic glow]
 19341 | Vaults:4 | Reached skill level 19 in Fire Magic
 19350 | Vaults:4 | Reached XP level 23. HP: 215/215 MP: 40/40
 19531 | Vaults:5 | Identified the +3 trident "Idesaast" {flame, rElec Str+2
                  | Int+4}
 19570 | Vaults:5 | Identified the +7 morningstar "Optoxass" {flame, *Rage
                  | Dex+5}
 19616 | Vaults:5 | Reached skill level 20 in Fire Magic
 19709 | Vaults:5 | Noticed a dread lich
 19721 | Vaults:5 | Killed a dread lich
 19768 | Vaults:5 | Identified the +0 scale mail of the Fiddle {rElec rCorr
                  | Int+4}
 19892 | Vaults:5 | Reached skill level 21 in Fire Magic
 19955 | Vaults:5 | Identified the +5 plate armour of Pan-Flutes {Harm Fly rC+}
 19955 | Vaults:5 | Identified the amulet "Hoetopt" {rElec rF++ Regen+ Int+3}
 20041 | Vaults:5 | Noticed a golden dragon
 20053 | Vaults:5 | Killed a golden dragon
 20221 | Vaults:5 | Reached XP level 24. HP: 121/224 MP: 40/40
 20316 | Vaults:5 | Got a silver rune of Zot
 20379 | Vaults:5 | Reached skill level 15 in Translocations
 20471 | Vaults:5 | Identified the +4 chain mail of Gobesh {Slay+3}
 20697 | Crypt:1  | Entered Level 1 of the Crypt
 20768 | Crypt:2  | Reached skill level 10 in Summonings
 20839 | Crypt:3  | Entered Level 3 of the Crypt
 20963 | Crypt:3  | Identified the ring "Cywo" {rPois rC+ Str+2 Int+4 SInv}
 21109 | Crypt:3  | Found an ancient bone altar of Kikubaaqudgha.
 21259 | Crypt:3  | Noticed a dread lich
 21278 | Crypt:3  | Killed a dread lich
 21292 | Crypt:3  | Got the Folio of the Chilling Tempest
 21545 | Crypt:3  | Found a staircase to the Tomb.
 21545 | Crypt:3  | Noticed a royal mummy
 21561 | Crypt:3  | Killed a royal mummy
 21708 | Crypt:2  | Reached XP level 25. HP: 200/229 MP: 40/40
 21748 | Crypt:2  | Upgraded the game from 0.30-a0-219-gf2db51d15e to
                  | 0.30-a0-867-g305f33218d
 21748 | Crypt:2  | Quit the game

Illustrated notes

Levels and vault maps discovered:
D:1:      lemuel_arrival_broad_hall, layout_basic,
          hellmonk_ecumenical_altar_arch_garden, chequers_avenue, nicolae_titane
D:2:      layout_loops_ring
D:3:      layout_basic, amcnicky_altar_gilded, fedhas_altar_2,
          gammafunk_ghost_arena, nicolae_concentric_dashed_squares_wild,
          st_stairs_14, grunt_ministairs_1, kennysheep_generic_room_4
D:4:      layout_basic, uniq_duvessa
D:5:      minmay_spotlight, layout_loops_ring, gup_sewer_entry_bowl,
          solitary_fountain, kennysheep_generic_room_5
D:6:      lemuel_castle_with_subvaults [lemuel_castle_interior_carwin_1],
          layout_loops_corners, ashenzari_altar_1, mainiacjoe_overflow_24_doors,
          lemuel_temple_firewalk_b, hellmonk_ghost_happy_afterlife,
          kennysheep_cross_room, uniq_prince_ribbit1, uniq_grinder, uniq_pikel
D:7:      layout_basic, mainiacjoe_overflow_tiny_flanked, gammafunk_ghost_split,
          uniq_crazy_yiuf_cottage, uniq_maggie, uniq_joseph
D:8:      layout_basic, kiku_gazebo_pond_becter, okawaru_metal_pillars_1_2,
          enter_bailey_3, minmay_manual_mess
D:9:      layout_grid_maze, grunt_dithmenos_smoke, elyvilon_altar_1,
          minmay_fractal_squares_5
D:10:     layout_loops_cross, lair_entry_dummy, minivault_27,
          nicolae_transporter_circle
D:11:     layout_loops_ring, orc_david_3, dreamdust_princess_bridge,
          dancing_weapons_uskayaw, uniq_harold
D:12:     layout_long_grid, minmay_crystal_box
D:13:     layout_rooms, skrybe_vaults_entry_preservation
D:14:     layout_basic, xom_redecorated
Temple:   hellmonk_temple_divided_pantheon
Lair:1:   hellmonk_destroyed_diamonds, layout_chaotic_city, st_stairs_7,
          nicolae_lair_grazing_beasts [nicolae_sub_lair_graze_edge,
          nicolae_sub_lair_graze_edge, nicolae_sub_lair_graze_edge,
          nicolae_sub_lair_graze_edge], grunt_megastairs_1
Lair:2:   layout_gridlike, minmay_shoals_entry_centaurs,
          portal_ice_cave_entry_pillars_1, disabler_island
Lair:3:   layout_regular_city, guppyfry_snake_entry_garden, uniq_kirke
Lair:4:   layout_long_grid, lemuel_fruit_tree
Lair:5:   gammafunk_lair_ancient_temple, layout_big_grid, slime_entry_1,
          serial_forest, infiniplex_forest_straight_2,
          infiniplex_forest_lined_3, infiniplex_forest_lined_4_way,
          infiniplex_forest_lined_corner, infiniplex_forest_lined_room_2,
          chequers_serial_rivers_micro_e
Shoals:1: layout_shoals
Shoals:2: layout_shoals, kb_tengu_band
Shoals:3: layout_shoals, argonaut_gorgonesque
Shoals:4: shoals_end_grunt_garden, layout_shoals, uniq_donald
Snake:1:  layout_misc_corridors
Snake:2:  nicolae_snake_crotalidae_crossing, layout_layer_cave, serial_shops,
          shop, nicolae_shop_window_shopping, nicolae_shop_statue_plus,
          nicolae_shop_trees, gammafunk_ghost_necromancy,
          minmay_shop_grid_forest, nicolae_coiled_stairwell_up, uniq_aizul
Snake:3:  hangedman_cross_veins, layout_cave_town, nicolae_snake_gridmaze_swirls
Snake:4:  grunt_snake_rune_pools, layout_chambers, serial_shops, shop,
          uniq_agnes
Orc:1:    layout_caves
Orc:2:    st_orc_open, layout_caves, serial_shops, nicolae_shop_stone, shop,
          nicolae_shop_crystal, nicolae_shop_bloodbath_and_beyond,
          hangedman_feature_mirror
Elf:1:    layout_onion_city, minmay_elf_sorcery, uniq_louise, uniq_nikola,
          uniq_zenata
Elf:2:    nicolae_elf_blades_crystal_corner, layout_rooms, serial_shops, shop,
          shop, nicolae_shop_hallway_plus
Elf:3:    minmay_elf_hall_statues, layout_gridlike, serial_shops,
          nicolae_shop_stone, kilobyte_rumbling_trees
Vaults:1: nicolae_vaults_ring_of_whatevers, hangedman_vaults_capsules,
          vaults_mumra_chevron, vaults_dpeg_hooks, vaults_standard_mumra_x,
          vaults_room_pool, nicolae_vaults_shelves_hall, v_misc_14,
          nicolae_vaults_little_squares_1, vaults_room_hallway,
          nicolae_vaults_statue_guard, v_misc_1, v_misc_13,
          layout_vaults_omnicross, serial_shops, shop
Vaults:2: minmay_crypt_entry_simple_statues, vaults_room_door_hall, v_rooms_4,
          nicolae_vaults_alarming, nicolae_vaults_windows_and_doors_thing,
          nicolae_vaults_network_square, vaults_room_octagon, v_misc_25,
          vaults_mumra_lcd, hangedman_vaults_maws, v_alt_pattern_1,
          grunt_vaults_hallway_long, ontoclasm_vaults_fire_temple, v_misc_14,
          v_misc_24, serial_ice_h, layout_vaults_maze, uniq_mennas,
          uniq_saint_roka
Vaults:3: v_misc_10, hangedman_vaults_maws, nicolae_vaults_asterisk,
          v_pattern_3, hangedman_vaults_restitches,
          nicolae_vaults_diagonal_hallway_8, nicolae_vaults_yaktaur_gun_rack,
          nicolae_vaults_asterisk, layout_vaults_omnigrid, serial_shops, shop
Vaults:4: ontoclasm_vaults_ring_small, vaults_mumra_hex,
          nicolae_vaults_three_branches, nicolae_vaults_little_squares_2,
          v_misc_5, vaults_room_semicircle, layout_vaults_big_room
Vaults:5
Crypt:1:  layout_misc_corridors, evilmike_ambush [evilmike_ambush_outer_basic,
          evilmike_ambush_inner_basic], grunt_crypt_arrival_guarded_gate
Crypt:2:  layout_misc_corridors
Crypt:3:  evilmike_haunted_forest

Skill      XL: |  1  2  3  4  5  6  7  8  9 10 11 12 13 14 15 16 17 18 19 20 21 22 23 24 25 |
---------------+----------------------------------------------------------------------------+-----
Axes           | 4 |  4.0
Fire Magic     | 4 6 14 19 21 | 21.0
Fighting       | 4 5 6 8 12 13 14 16 18 19 20 | 20.0
Spellcasting   | 2 4 6 8 10 12 | 12.1
Long Blades    | 1 4 6 8 |  8.2
Dodging        | 1 4 6 8 9 10 | 10.6
Staves         | 4 9 10 14 | 14.0
Armour         | 4 10 12 14 15 16 | 16.0
Evocations     | 3 4 6 |  6.0
Translocations | 3 12 14 16 17 | 17.0
Hexes          | 11 12 | 12.1
Invocations    | 6 10 | 10.0
Summonings     | 5 6 7 12 | 12.2
Air Magic      | 5 6 |  6.0
Ice Magic      | 5 6 |  6.0

Action                     |  1- 3 |  4- 6 |  7- 9 | 10-12 | 13-15 | 16-18 | 19-21 | 22-24 | 25-27 || total
---------------------------+-------+-------+-------+-------+-------+-------+-------+-------+-------++-------
  Melee: Hand axe          |    33 |       |       |       |       |       |       |       |       ||    33
         Long sword        |    12 |    46 |   125 |       |       |       |       |       |       ||   183
         Punch             |       |     2 |     1 |       |       |       |       |       |       ||     3
         Quarterstaff      |       |       |    18 |   250 |   646 |   941 |  1341 |  1497 |     8 ||  4701
         Rapier            |       |       |       |       |    10 |       |       |       |       ||    10
   Cast: Scorch            |     8 |    13 |    22 |     6 |     5 |       |       |       |       ||    54
         Blink             |       |       |       |       |     4 |     2 |     5 |     4 |       ||    15
         Manifold Assault  |       |       |       |       |    36 |    68 |   104 |   177 |       ||   385
         Silence           |       |       |       |       |       |       |     7 |     3 |       ||    10
         Metabolic Englaci |       |       |       |       |       |       |     4 |       |       ||     4
         Ignition          |       |       |       |       |       |       |       |     3 |       ||     3
 Invoke: Fiery Armour      |       |       |     1 |     1 |     1 |       |       |       |       ||     3
         Foxfire Swarm     |       |       |     1 |       |       |       |       |       |       ||     1
         Depart the Abyss  |       |       |       |       |       |       |     1 |     1 |       ||     2
         Banish            |       |       |       |       |       |       |       |     1 |       ||     1
         Enter the Abyss   |       |       |       |       |       |       |       |     1 |       ||     1
  Evoke: Wand              |       |       |       |     2 |     2 |     6 |     2 |       |       ||    12
    Use: Scroll            |     3 |     1 |     4 |    14 |     9 |     1 |     1 |     5 |       ||    38
         Potion            |       |       |     2 |     1 |     1 |     6 |     1 |     3 |       ||    14
   Stab: Distracted        |       |       |       |     4 |    11 |    20 |    27 |    32 |     1 ||    95
         Sleeping          |       |       |       |       |       |       |     2 |       |       ||     2
 Armour: Robe              |    16 |    10 |    39 |       |       |       |       |       |       ||    65
         Leather armour    |       |       |     4 |    31 |     2 |       |       |       |       ||    37
         Shadow dragon sca |       |       |       |       |   251 |   340 |   451 |   325 |       ||  1367
         Storm dragon scal |       |       |       |       |       |       |       |    92 |     1 ||    93
  Dodge: Dodged            |    16 |    17 |    54 |    51 |   174 |   246 |   392 |   303 |       ||  1253
         Repelled          |       |       |       |       |     2 |    17 |     4 |       |       ||    23
  Block: Other             |       |       |    26 |    22 |       |       |       |       |       ||    48
         Reflection        |       |       |     1 |     2 |       |       |       |       |       ||     3

Table legend: (Time is in decaauts)
 A = Elapsed time spent in this place.
 B = Non-inter-level travel time spent in this place.
 C = Inter-level travel time spent in this place.
 D = Time resting spent in this place.
 E = Time spent auto-exploring this place.
 F = Levels seen in this place.
 G = Mean time per level.
                   A        B        C        D        E       F      G
               +--------+--------+--------+--------+--------+-----+--------+
         Total |  20212 |  19496 |    716 |    224 |      1 |  47 |  430.0 |
       Dungeon |   6754 |   6486 |    268 |      4 |      1 |  14 |  482.4 |
        Temple |     33 |     33 |      0 |      0 |      0 |   1 |   33.0 |
          Lair |   2271 |   2139 |    132 |    100 |      0 |   5 |  454.2 |
        Shoals |   1402 |   1339 |     63 |      0 |      0 |   4 |  350.5 |
     Snake Pit |   2335 |   2283 |     52 |    109 |      0 |   4 |  583.8 |
  Orcish Mines |    885 |    761 |    124 |      0 |      0 |   2 |  442.5 |
   Elven Halls |   1693 |   1680 |     13 |      0 |      0 |   3 |  564.3 |
        Vaults |   2882 |   2821 |     61 |      0 |      0 |   5 |  576.4 |
         Crypt |    925 |    925 |      0 |      0 |      0 |   3 |  308.3 |
         Abyss |     41 |     41 |      0 |      0 |      0 |   3 |   13.7 |
         Sewer |    277 |    277 |      0 |     11 |      0 |   1 |  277.0 |
        Bailey |    247 |    247 |      0 |      0 |      0 |   1 |  247.0 |
      Ice Cave |    460 |    460 |      0 |      0 |      0 |   1 |  460.0 |
               +--------+--------+--------+--------+--------+-----+--------+

Top non-repeatable levels by time:
Vaults:5: 972 daAuts
     D:6: 876 daAuts
   Elf:3: 832 daAuts
Vaults:3: 822 daAuts
 Crypt:3: 692 daAuts
 Snake:4: 648 daAuts
 Snake:2: 630 daAuts
   Elf:1: 608 daAuts
   Orc:2: 595 daAuts
 Snake:3: 592 daAuts
    D:12: 545 daAuts
     D:3: 542 daAuts
     D:5: 530 daAuts
  Lair:4: 520 daAuts
    D:10: 503 daAuts
